 Dungeon Crawl Stone Soup version 0.27.1-34-g3ba077fa99 (webtiles) character file.

Game seed: 7550831842563103452

152684 Delamore the Unseen (level 17, -1/107 HPs)
             Began as an Octopode Brigand on Feb 8, 2022.
             Was an Initiate of Gozag.
             Blown up by an orb spider (22 damage)
             ... with an orb of destruction
             ... on level 4 of the Spider Nest.
             The game lasted 00:56:16 (46290 turns).

Delamore the Unseen (Octopode Brigand)             Turns: 46290, Time: 00:56:16

Health: -1/107     AC:  5    Str:  6 (10) XL:     17   Next: 58%
Magic:  0/40       EV: 29    Int:  8      God:    Gozag
Gold:   1274       SH: 14    Dex: 34 (35) Spells: 28/36 levels left

rFire    + . .     SeeInvis +   q - +7 Spriggan's Knife {stab, EV+4 Stlth+}
rCold    + + .     Faith    .   u - +0 kite shield
rNeg     + . .     Spirit   +   (helmet restricted)
rPois    +         Reflect  .   i - amulet of guardian spirit
rElec    .         Harm     .   s - +6 ring of dexterity
rCorr    +         Rampage  .   w - ring of see invisible
Will     ++...                  E - ring of Moodiness {rN+ rCorr Int-3 Dex+6 Stlth+} Stlth *+++++++++
                                D - ring of protection from fire
HPRegen  0.27/turn              t - ring of Faorumut {rC++ MP+9 Int-4 Dex+4}
MPRegen  0.27/turn              Q - ring of willpower
                                H - +4 ring of protection
                                o - ring of poison resistance

@: no status effects
A: almost no armour, amphibious, 8 rings, camouflage 1, gelatinous body 1,
(nimble swimmer 1), tentacles
a: Renounce Religion, Potion Petition, Call Merchant, Bribe Branch


You were on level 4 of the Spider Nest.
You worshipped Gozag.
Gozag was most pleased with you.
You visited 4 branches of the dungeon, and saw 27 of its levels.
You also visited: Bailey.

You collected 10793 gold pieces.
You spent 3443 gold pieces at shops.
You paid 6076 gold pieces to Gozag.

Inventory:

Hand Weapons
 q - the +7 Spriggan's Knife (weapon) {stab, EV+4 Stlth+}
   (You bought it in a shop on level 5 of the Lair of Beasts)

   It is more effective when stabbing unaware enemies, treating them as though
   they were completely helpless.
   EV:        It affects your evasion (+4).
   Stlth:     It makes you more stealthy.
 x - the +4 rapier of Mouqem {vorpal, Str+4}
   (You found it on level 6 of the Dungeon)

   It inflicts extra damage upon your enemies.
   Str:       It affects your strength (+4).
Missiles
 b - 56 poisoned darts
 c - 7 curare-tipped darts
 m - 5 atropa-tipped darts
 L - 75 boomerangs (quivered)
 S - a throwing net
Armour
 u - a +0 kite shield (worn)
Jewellery
 i - an amulet of guardian spirit (around mantle)
 o - a ring of poison resistance (on tentacle)
 s - a +6 ring of dexterity (left tentacle)
 t - the ring of Faorumut (on tentacle) {rC++ MP+9 Int-4 Dex+4}
   (You bought it in a shop on level 4 of the Dungeon)

   [ring of magical power]

   Int:       It affects your intelligence (-4).
   Dex:       It affects your dexterity (+4).
   rC:        It greatly protects you from cold.
   MP:        It affects your magic capacity (+9).
 w - a ring of see invisible (right tentacle)
 D - a ring of protection from fire (on tentacle)
 E - the ring of Moodiness (on tentacle) {rN+ rCorr Int-3 Dex+6 Stlth+}
   (You bought it in a shop on level 1 of the Dungeon)

   [ring of resist corrosion]

   Int:       It affects your intelligence (-3).
   Dex:       It affects your dexterity (+6).
   rN:        It protects you from negative energy.
   rCorr:     It protects you from acid and corrosion.
   Stlth:     It makes you more stealthy.
 H - a +4 ring of protection (on tentacle)
 Q - a ring of willpower (on tentacle)
 W - the amulet of Qyivih {RegenMP Will- Regen+ SInv}
   (You found it on level 3 of the Spider Nest)

   [amulet of magic regeneration]

   It increases your rate of magic regeneration.
   SInv:      It lets you see invisible.
   Regen:     It increases your rate of health regeneration.
   Will:      It decreases your willpower.
Wands
 n - a wand of charming (15)
 p - a wand of mindburst (10)
 F - a wand of flame (113)
 J - a wand of paralysis (6)
 N - a wand of iceblast (32)
 O - a wand of acid (10)
 V - a wand of digging (11)
Scrolls
 a - a scroll of silence
 f - 9 scrolls of fog
 j - 3 scrolls of summoning
 l - 2 scrolls of fear
 r - 7 scrolls of amnesia
 v - 3 scrolls of enchant weapon
 z - 3 scrolls of enchant armour
 A - 2 scrolls of blinking
 C - a scroll of immolation
 R - 8 scrolls of teleportation
 T - 4 scrolls of magic mapping
 U - 6 scrolls of identify
 X - 4 scrolls of brand weapon
Potions
 d - 9 potions of flight
 e - 7 potions of curing
 g - a potion of might
 h - 2 potions of magic
 k - 6 potions of heal wounds
 y - a potion of ambrosia
 B - a potion of brilliance
 G - 2 potions of haste
 I - 4 potions of mutation
 M - a potion of resistance
 P - 4 potions of berserk rage
 Y - a potion of invisibility
Miscellaneous
 K - a phial of floods
 Z - a condenser vane (inert)


   Skills:
 - Level 6.9 Fighting
 - Level 14.0 Short Blades
 - Level 7.0 Throwing
 - Level 10.0 Dodging
 + Level 18.4 Stealth
 - Level 14.0 Shields
 - Level 10.0 Spellcasting
 - Level 5.0 Conjurations
 - Level 10.0 Hexes
 - Level 10.0 Evocations


You had 28 spell levels left.
You knew the following spells:

 Your Spells              Type           Power      Damage    Failure   Level
a - Blink                 Tloc           N/A        N/A       26%         2
b - Confusing Touch       Hex            20%        N/A       1%          3
c - Dazzling Flash        Conj/Hex       32%        N/A       2%          3

Your spell library contained the following spells:

 Spells                   Type           Power      Damage    Failure   Level
 Corona                   Hex            22%        N/A       1%          1
 Slow                     Hex            20%        N/A       1%          2
 Magic Dart               Conj           48%        1d5       2%          1
 Searing Ray              Conj           24%        3d4       3%          2
 Summon Guardian Golem    Hex/Summ       12%        N/A       7%          3
 Fulminant Prism          Conj/Hex       8%         3d7       8%          4
 Static Discharge         Conj/Air       8%         N/A       10%         2
 Animate Skeleton         Necr           8%         N/A       17%         1
 Apportation              Tloc           8%         N/A       17%         1
 Summon Small Mammal      Summ           16%        N/A       17%         1
 Corpse Rot               Necr/Air       N/A        N/A       26%         2
 Call Canine Familiar     Summ           4%         N/A       45%         3
 Lesser Beckoning         Tloc           2%         N/A       45%         3
 Ozocubu's Armour         Ice            4%         N/A       45%         3
 Vampiric Draining        Necr           2%         2d6       45%         3
 Iskenderun's Mystic Bla  Conj/Tloc      8%         2d4       52%         4
 Sticky Flame             Conj/Fire      8%         2d3       52%         4
 Silence                  Hex/Air        6%         N/A       52%         5
 Yara's Violent Unravell  Hex/Tmut       6%         3d5       52%         5
 Animate Dead             Necr           2%         N/A       86%         4
 Dispel Undead            Necr           4%         3d7       86%         4
 Summon Lightning Spire   Summ/Air       4%         N/A       86%         4
 Agony                    Necr           4%         N/A       99%         5
 Lee's Rapid Deconstruct  Erth           2%         3d5*      99%         5
 Manifold Assault         Tloc           4%         N/A       99%         5
 Death Channel            Necr           2%         N/A       100%        6
 Dispersal                Tloc           2%         N/A       100%        6
 Starburst                Conj/Fire      4%         6d3       100%        6
 Haunt                    Necr/Summ      2%         N/A       100%        7
 Ozocubu's Refrigeration  Ice            2%         4d5       100%        7
 Storm Form               Tmut/Air       2%         N/A       100%        7
 Disjunction              Tloc           2%         N/A       100%        8
 Infestation              Necr           2%         N/A       100%        8
 Maxwell's Capacitive Co  Air            2%         ∞         100%        8


Dungeon Overview and Level Annotations

Branches:
Dungeon (15/15) Temple (0/1) D:7 Lair (6/6) D:10 Shoals (0/4) Lair:3 Spider (4/4) Lair:4 Slime (0/5) Lair:6 Orc (2/2) D:10 Elf (0/3) Orc:2 Vaults (0/5) D:13 D:14 Depths (0/5) D:15 Bailey (visited)

Altars:
Cheibriados
Dithmenos
Fedhas
Gozag
Kikubaaqudgha
Vehumet
Wu Jian
Yredelemnul
Zin

Shops:
D:1 =   D:2 [   D:4 ?![=:   D:7 !   D:10 (?*   Orc:2 =*(!   Lair:1 (   Lair:4 *
Lair:5 (

Annotations:
D:9 exclusion: statue
Lair:1 exclusion: 2 oklob plants
Spider:3 Jimpe's ghost, adept CeHu


Innate Abilities, Weirdness & Mutations

You cannot wear most types of armour.
You are amphibious.
You can wear up to eight rings at the same time.
Your skin changes colour to match your surroundings (Stealth+).
Your rubbery body absorbs attacks. (AC +1, EV +1)
((You are camouflaged near water. (Stealth+)))
You have tentacles for arms and can constrict up to eight enemies at once.


Message History

You are too injured to fight recklessly!
You are too injured to fight recklessly!
You are too injured to fight recklessly!
You are too injured to fight recklessly!
You are too injured to fight recklessly!
You are too injured to fight recklessly!
You are too injured to fight recklessly!
You are too injured to fight recklessly!
You are too injured to fight recklessly!
You are too injured to fight recklessly!
You are too injured to fight recklessly!
You are too injured to fight recklessly!
You are too injured to fight recklessly!
You are too injured to fight recklessly!
You feel extremely sick.
You see here 4 gold pieces.
You feel very sick.
You feel very sick.
You see here 12 gold pieces.
You feel very sick.
You feel very sick.
There is a huge open gate here.
You feel sick.
The orb spider weaves a glowing orb of energy.
An orb of destruction comes into view.
There is a huge open gate here.
You feel sick.
Found 11 gold pieces.
You feel sick.
The orb spider begins to weave its threads into a brightly glowing ball.
The orb of destruction hits a stone wall.
You feel sick.
The orb spider weaves a glowing orb of energy.
An orb of destruction comes into view.
You feel sick.
You feel sick.
You feel sick.
You feel sick.
You are no longer poisoned.
The orb of destruction hits you!!!
You die...

#.^......#.^....#..#[ .
##.#........$..^.^......... ^
#.....$.$#.^......^.......... .
#......^....#^......^........$ .
##.............^........#........
#^^...^...^#........(.......#....
........$#.^$..............^.....
........<.....<.........#^.......
......^#.$.$....@○○....^.........
.......$$.^$.......○○○?..........
##...^.#....######..)^○.^.^^.....
#....$.^#..# ####..°......#
#^...#..##### ####s○'####
.......## #'○'# #...#.## ##$.°##
.##### ^ #≈^$*.## # #≈..≈##.s.≈##


There were no monsters in sight!

Vanquished Creatures
  Arachne (Spider:3)
  Rupert (Lair:5)
  Kirke (Spider:4)
  2 ghost moths
  A juggernaut zombie (D:15)
  Nessos (D:14)
  An entropy weaver (Spider:3)
  A spark wasp (Spider:4)
  Snorg (Lair:5)
  9 hydras
  Harold (Lair:1)
  An ogre mage (D:15)
  2 boulder beetles
  A death knight (D:12)
  A ghost crab (Spider:1)
  2 centaur warriors (D:15)
  8 two-headed ogres
  2 tengu warriors (D:13)
  Urug (D:13)
  4 orc high priests (Orc:2)
  Sonja (Lair:1)
  A skeletal warrior (D:11)
  Nergalle (Lair:1)
  2 goliath frogs (Lair:6)
  A storm dragon zombie (D:15)
  2 phantasmal warriors
  A lindwurm (Lair:6)
  5 orc knights
  A necromancer (D:15)
  4 orc sorcerers
  19 wolf spiders
  3 deep elf pyromancers
  9 orb spiders
  15 ugly things
  6 cyclopes
  A sphinx skeleton (D:15)
  A fire giant zombie (D:15)
  6 manticores
  Maurice (D:11)
  21 elephants
  2 torpor snails
  7 black mambas
  28 cane toads
  2 gargoyles
  9 rime drakes
  2 unseen horrors
  5 demonic crawlers
  A kobold demonologist (D:9)
  Psyche (D:10)
  8 komodo dragons
  2 freezing wraiths (D:12)
  2 guardian mummies (D:14)
  5 tyrant leeches
  24 jumping spiders
  A meliai (D:13)
  10 trolls
  4 polar bears
  4 slime creatures (D:14)
  2 hornets
  36 blink frogs
  A tyrant leech (shapeshifter) (D:15)
  21 tarantellas
  2 shadows
  6 wyverns
  2 vampires
  66 redbacks
  3 wraiths
  3 fire bats (D:8)
  2 hogs (Spider:4)
  16 humans
  13 basilisks
  39 yaks
  A hog (shapeshifter) (D:15)
  30 vampire mosquitoes
  Edmund (D:6)
  2 acid dragons (D:9)
  3 wargs
  12 water moccasins
  3 hell hounds
  Duvessa (D:6)
  5 black bears
  30 orc warriors
  A sky beast (D:7)
  5 centaurs
  6 ogres
  A necrophage (D:6)
  21 wolves
  A phantom (D:6)
  19 bullfrogs
  2 kobold brigands
  A gnoll sergeant (D:5)
  Dowan (D:6)
  3 killer bees (D:9)
  14 wights
  2 electric eels (D:11)
  5 centaur zombies
  6 howler monkeys
  A bullfrog zombie (D:7)
  2 lava snakes (D:8)
  33 orc priests
  2 hounds
  2 centaur skeletons
  A jelly (Lair:6)
  3 iguanas
  30 orc wizards
  5 hell rats
  A killer bee zombie (D:4)
  A howler monkey zombie (D:9)
  4 adders
  9 gnolls
  2 white imps (D:6)
  2 ufetubi
  An adder skeleton (D:4)
  A worm (D:3)
  3 dart slugs
  69 orcs
  11 ball pythons
  9 bats
  9 endoplasms
  3 giant cockroaches
  12 hobgoblins
  4 jackals
  4 quokkas
  3 frilled lizards
  4 goblins
  25 kobolds
  3 rats
  2 fire vortices (D:8)
909 creatures vanquished.

Vanquished Creatures (collateral kills)
  2 wyverns (Lair:4)
2 creatures vanquished.

Vanquished Creatures (others)
  A jumping spider (Spider:1)
  3 tyrant leeches (Spider:1)
  2 redbacks (Spider:1)
  4 humans (Spider:4)
  An orc (D:6)
  40 fungi
  116 plants
  12 withered plants (D:15)
179 creatures vanquished.

Grand Total: 1090 creatures vanquished

Notes
Turn   | Place    | Note
-------+----------+-------------------------------------------
     0 | D:1      | Delamore the Octopode Brigand began the quest for the Orb.
     0 | D:1      | Reached XP level 1. HP: 14/14 MP: 1/1
    38 | D:1      | Reached XP level 2. HP: 15/19 MP: 2/2
   123 | D:1      | Found a faded altar of an unknown god.
   238 | D:1      | Reached skill level 6 in Stealth
   509 | D:1      | Found Cauczeg's Jewellery Emporium.
   802 | D:2      | Reached XP level 3. HP: 20/24 MP: 3/3
   942 | D:2      | Reached skill level 7 in Stealth
   942 | D:2      | Reached XP level 4. HP: 22/29 MP: 4/4
  1079 | D:2      | Found Xoquloko's Armour Emporium.
  1371 | D:3      | Found an opulent altar of Gozag.
  1402 | D:3      | Became a worshipper of Gozag Ym Sagoz the Greedy
  1714 | D:3      | Found a blossoming altar of Fedhas.
  1876 | D:3      | Reached XP level 5. HP: 34/34 MP: 5/5
  2197 | D:3      | Found a snail-covered altar of Cheibriados.
  2324 | D:4      | Found Ippan's Magic Scroll Shop.
  2333 | D:4      | Bought a scroll of noise for 14 gold pieces
  2407 | D:4      | Found Hecuitie's Antique Armour Boutique.
  2430 | D:4      | Reached skill level 8 in Stealth
  2441 | D:4      | Found Bauneugh's Jewellery Emporium.
  2456 | D:4      | Found Tesmaz's Book Emporium.
  2802 | D:4      | Found Fexin's Distillery.
  2906 | D:4      | Bought a potion of curing for 36 gold pieces
  2906 | D:4      | Bought a potion of heal wounds for 60 gold pieces
  3034 | D:5      | Entered Level 5 of the Dungeon
  3049 | D:5      | Reached XP level 6. HP: 39/39 MP: 6/6
  3145 | D:5      | Noticed a black bear
  3155 | D:5      | Killed a black bear
  3156 | D:5      | Reached skill level 9 in Stealth
  3282 | D:5      | Noticed a gargoyle
  3290 | D:5      | Killed a gargoyle
  3291 | D:5      | Reached skill level 5 in Short Blades
  3291 | D:5      | Reached skill level 10 in Stealth
  3291 | D:5      | Reached XP level 7. HP: 45/45 MP: 7/7
  3492 | D:6      | Identified the +4 rapier of Mouqem {vorpal, Str+4}
  3498 | D:6      | Reached XP level 8. HP: 43/50 MP: 8/8
  4355 | D:5      | Reached skill level 1 in Shields
  4848 | D:1      | Bought the ring of Moodiness {rN+ rCorr Int-3 Dex+6 Stlth+}
                  | for 403 gold pieces
  4921 | D:4      | Bought a scroll of identify for 28 gold pieces
  4980 | D:6      | Noticed Edmund
  4986 | D:6      | Killed Edmund
  5052 | D:6      | Found an ancient bone altar of Kikubaaqudgha.
  5065 | D:6      | Noticed Duvessa
  5079 | D:6      | Noticed Dowan
  5088 | D:6      | Killed Duvessa
  5095 | D:6      | Killed Dowan
  5246 | D:6      | Reached XP level 9. HP: 36/54 MP: 9/9
  6625 | D:7      | Found an ornate altar of the Wu Jian Council.
  6765 | D:7      | Reached skill level 1 in Evocations
  6993 | D:7      | Noticed a manticore
  6995 | D:7      | Reached skill level 10 in Short Blades
  7004 | D:7      | Noticed a deep elf pyromancer
  7015 | D:7      | Killed a manticore
  7282 | D:7      | Reached XP level 10. HP: 22/63 MP: 3/10
  7631 | D:7      | Found a staircase to the Ecumenical Temple.
  7658 | D:7      | Killed a deep elf pyromancer
  8289 | D:7      | Found Orow's Distillery.
  8292 | D:7      | Bought a potion of degeneration for 14 gold pieces
  8292 | D:7      | Bought a potion of heal wounds for 70 gold pieces
  8292 | D:7      | Bought a potion of heal wounds for 70 gold pieces
  8496 | D:8      | Reached skill level 5 in Fighting
  8509 | D:8      | Reached skill level 5 in Evocations
  8575 | D:8      | Reached skill level 5 in Dodging
  9623 | D:4      | Bought a ring of protection from fire for 250 gold pieces
  9724 | D:8      | Found a glowing silver altar of Zin.
  9806 | D:8      | Reached skill level 5 in Throwing
 10489 | D:9      | Noticed a kobold demonologist
 10493 | D:9      | Killed a kobold demonologist
 10551 | D:9      | Found a flagged portal.
 10565 | Bailey   | Entered a bailey
 10630 | Bailey   | Noticed an orc knight
 10631 | Bailey   | Noticed an orc knight
 10713 | Bailey   | Noticed an orc knight
 10795 | Bailey   | Killed an orc knight
 10796 | Bailey   | Reached XP level 11. HP: 36/72 MP: 5/11
 11625 | Bailey   | Killed an orc knight
 11848 | Bailey   | Killed an orc knight
 12913 | D:9      | Found a radiant altar of Vehumet.
 13859 | D:4      | Bought the ring of Faorumut {rC++ MP+9 Int-4 Dex+4} for 445
                  | gold pieces
 13909 | D:4      | Bought a scroll of identify for 28 gold pieces
 13909 | D:4      | Bought a scroll of identify for 28 gold pieces
 14011 | D:10     | Entered Level 10 of the Dungeon
 14278 | D:10     | Found a staircase to the Orcish Mines.
 15128 | D:10     | Found a basalt altar of Yredelemnul.
 15183 | D:10     | Noticed Psyche
 15194 | D:10     | Killed Psyche
 15303 | D:10     | Found a staircase to the Lair.
 15318 | D:10     | Reached skill level 5 in Shields
 15630 | Lair:1   | Entered Level 1 of the Lair of Beasts
 15705 | Lair:1   | Noticed a seven-headed hydra
 15709 | Lair:1   | Noticed Sonja
 16060 | D:11     | Noticed a cyclops
 16074 | D:11     | Killed a cyclops
 16300 | D:11     | Noticed a manticore
 16302 | D:11     | Noticed a brown ugly thing
 16315 | D:11     | Killed a brown ugly thing
 16316 | D:11     | Reached XP level 12. HP: 74/80 MP: 12/12
 16596 | D:11     | Noticed Maurice
 16603 | D:11     | Killed Maurice
 16887 | D:12     | Noticed an eight-headed hydra
 17491 | D:10     | Killed a seven-headed hydra
 17573 | Lair:1   | Killed Sonja
 17666 | Lair:1   | Noticed Nergalle
 17700 | Lair:1   | Killed Nergalle
 17750 | Lair:1   | Noticed Harold
 17757 | Lair:1   | Killed Harold
 19027 | Lair:2   | Noticed a four-headed hydra
 19042 | Lair:2   | Killed a four-headed hydra
 19482 | Lair:2   | Reached XP level 13. HP: 61/85 MP: 13/13
 20550 | Lair:2   | Reached skill level 10 in Shields
 21575 | Lair:3   | Found the +8 glaive of the Guard {elec, spectral, AC+5}
 21899 | Lair:3   | Found a staircase to the Shoals.
 23111 | Lair:4   | Reached skill level 10 in Evocations
 23322 | Lair:4   | Reached XP level 14. HP: 90/90 MP: 14/14
 23329 | Lair:4   | Found a hole to the Spider Nest.
 24299 | Lair:4   | Reached skill level 10 in Dodging
 25034 | Lair:5   | Noticed Snorg
 25057 | Lair:5   | Killed Snorg
 25408 | Lair:5   | Identified a scroll of acquirement
 25409 | Lair:5   | Acquired 958 gold pieces
 25412 | Lair:5   | Bought the +7 Spriggan's Knife {stab, EV+4 Stlth+} for 1081
                  | gold pieces
 25412 | Lair:5   | Found the +7 Spriggan's Knife {stab, EV+4 Stlth+}
 25485 | Lair:5   | Identified the +1 ring mail of the Eternal Fruit {Str+4}
 25506 | Lair:5   | Noticed Rupert
 25527 | Lair:5   | Killed Rupert
 25528 | Lair:5   | Reached skill level 11 in Stealth
 26017 | Lair:4   | Learned a level 2 spell: Blink
 26021 | Lair:4   | Learned a level 3 spell: Confusing Touch
 26165 | Lair:5   | Reached skill level 1 in Hexes
 26862 | Lair:6   | Entered Level 6 of the Lair of Beasts
 26904 | Lair:6   | Reached skill level 1 in Spellcasting
 27481 | Lair:6   | Reached skill level 12 in Stealth
 27883 | Lair:6   | Reached XP level 15. HP: 20/96 MP: 8/19
 28451 | Lair:6   | Found a staircase to the Slime Pits.
 28762 | Lair:6   | Reached skill level 13 in Stealth
 29348 | Lair:6   | Reached skill level 5 in Hexes
 30043 | Orc:1    | Entered Level 1 of the Orcish Mines
 30066 | Orc:1    | Paralysed by an orc sorcerer for 2 turns
 30469 | Orc:2    | Entered Level 2 of the Orcish Mines
 30490 | Orc:2    | Found a staircase to the Elven Halls.
 30575 | Orc:2    | Reached skill level 5 in Spellcasting
 31982 | Orc:2    | Found Gosh's Jewellery Boutique.
 31982 | Orc:2    | Found Ycywnuum's Antique Weapon Shop.
 31983 | Orc:2    | Found Bidiuna's Distillery.
 31986 | Orc:2    | Found Pialel's Assorted Antiques.
 32152 | Orc:2    | Reached skill level 14 in Stealth
 32574 | Orc:2    | Bought a potion of heal wounds for 90 gold pieces
 32574 | Orc:2    | Bought a potion of invisibility for 144 gold pieces
 32577 | Orc:2    | Bought a scroll of blinking for 225 gold pieces
 33059 | D:10     | Bought a potion of heal wounds for 75 gold pieces
 33061 | D:10     | Bought a scroll of teleportation for 51 gold pieces
 33061 | D:10     | Bought a scroll of blinking for 127 gold pieces
 33061 | D:10     | Bought 3 scrolls of fog for 102 gold pieces
 33061 | D:10     | Bought a scroll of teleportation for 51 gold pieces
 33061 | D:10     | Bought a scroll of teleportation for 51 gold pieces
 35353 | D:13     | Learned a level 3 spell: Dazzling Flash
 35584 | D:14     | Noticed Nessos
 35584 | D:14     | Noticed Urug
 35584 | D:14     | Found a gate to the Vaults.
 35681 | D:13     | Reached XP level 16. HP: 93/101 MP: 26/26
 35741 | D:13     | Killed Urug
 36028 | D:14     | Killed Nessos
 36029 | D:14     | Reached skill level 15 in Stealth
 36206 | D:14     | Found a shadowy altar of Dithmenos.
 37451 | D:15     | Entered Level 15 of the Dungeon
 37456 | D:15     | Found a staircase to the Depths.
 39509 | D:15     | Reached skill level 16 in Stealth
 39976 | Spider:1 | Entered Level 1 of the Spider Nest
 40111 | Spider:1 | Reached skill level 1 in Conjurations
 41508 | Spider:2 | You fall into a shaft and drop 1 floor!
 41522 | Spider:3 | Noticed Arachne
 41538 | Spider:3 | Killed Arachne
 41543 | Spider:3 | HP: 4/101 [poisoned by a redback]
 41843 | Spider:2 | Reached XP level 17. HP: 40/107 MP: 17/30
 42755 | Spider:2 | Reached skill level 10 in Hexes
 43390 | Spider:3 | Reached skill level 17 in Stealth
 44172 | Spider:3 | Reached skill level 5 in Conjurations
 44310 | Spider:3 | HP: 1/107 [ghost moth (14)]
 44329 | Spider:3 | HP: 1/107 [ghost moth (11)]
 44860 | Spider:3 | Found a large runed translucent door.
 44861 | Spider:3 | Found a large runed translucent door.
 44864 | Spider:3 | Noticed Jimpe's ghost (adept CeHu)
 45338 | Spider:3 | Identified the amulet of Qyivih {RegenMP Will- Regen+ SInv}
 45407 | Spider:4 | Entered Level 4 of the Spider Nest
 45407 | Spider:4 | Noticed Kirke
 45419 | Spider:4 | Killed Kirke
 45447 | Spider:4 | Reached skill level 10 in Spellcasting
 45868 | Spider:4 | Reached skill level 18 in Stealth
 46290 | Spider:4 | Blown up by an orb spider

Illustrated notes

Levels and vault maps discovered:
D:1:      dpeg_arrival_tiny_c, layout_rooms, serial_shops, shop,
          ebering_ecumenical_altar_rust
D:2:      layout_basic, serial_shops, shop
D:3:      layout_basic, mainiacjoe_overflow_cross_hatched, lemuel_round_altar,
          slow_altar_2
D:4:      layout_cave_pools, serial_shops, nicolae_square_shop,
          nicolae_shop_crystal, nicolae_lakefront_shop, shop,
          nicolae_shop_waterfront, corexii_item_surrounded_by_moat,
          wad_floor_pattern_untrapped
D:5:      layout_loops_corners, corexii_hall_statues_i, minmay_crystal_room,
          kennysheep_generic_room_8
D:6:      layout_loops_ring, amcnicky_altar_gilded, uniq_edmund, uniq_duvessa
D:7:      layout_cave_pools, nicolae_overflow_crystal_walls,
          minmay_temple_entry_enclosed_plants, serial_shops,
          nicolae_shop_behind_doors, kb_rosetta
D:8:      layout_gridville, zin_statuary, minmay_misc_feat_roman,
          hangedman_incinerator
D:9:      layout_loops_corners, vehumet_statue, enter_bailey_4,
          kennysheep_flooded_box
D:10:     layout_cave_pods, yredelemnul_altar_generic, david_lair_shrubbed,
          david_orc_3, uniq_psyche
D:11:     layout_basic, uniq_maurice
D:12:     layout_basic
D:13:     layout_basic
D:14:     layout_loops_ring, david_vaults_3, grunt_dithmenos_shadows,
          kennysheep_potato
D:15:     gammafunk_depths_entry_grave, layout_stronghold,
          chequers_serial_rivers_micro_c, chequers_jeans, minmay_misc_feat_tower
Lair:1:   layout_big_grid, serial_bayou_shore_b, minmay_lair_oklob_chamber,
          infiniplex_staircase_pool_2, uniq_harold, uniq_nergalle, uniq_sonja
Lair:2:   nzn_winding_woodlands_stair_cross
          [nzn_winding_woodlands_5x15_concentric,
          nzn_winding_woodlands_center_garden, nzn_winding_woodlands_5x15_eye,
          nzn_winding_woodlands_5x5_default, nzn_winding_woodlands_hourglass,
          nzn_winding_woodlands_5x15_default,
          nzn_winding_woodlands_center_lodge, nzn_winding_woodlands_5x15_twine],
          layout_gridlike, hibernation_bobbens
Lair:3:   layout_small_grid, minmay_shoals_entry_centaurs
Lair:4:   layout_small_grid, spider_nest_entry_funnel_web, special_room
          [special_room_mythical_zoo], grunt_megastairs_5
Lair:5:   layout_regular_city, uniq_snorg, uniq_rupert
Lair:6:   minmay_lair_end_frog_pond, layout_regular_city,
          nicolae_slime_entry_slimehenge
Spider:1: layout_spider_delve, nicolae_spider_swamp_cousins
Spider:2: layout_spider_delve
Spider:3: layout_spider_delve, ebering_ghost_disaster_area,
          nicolae_spider_wall_of_niches, uniq_arachne
Spider:4: spider_rune_water, worms_lemuel, uniq_asterion, uniq_mara, uniq_kirke
Orc:1:    layout_diamond_mine
Orc:2:    st_orc_mages, layout_caves, nicolae_orc_bridge_out,
          nicolae_orc_stony_grotto, uniq_urug

Skill      XL: |  1  2  3  4  5  6  7  8  9 10 11 12 13 14 15 16 17 |
---------------+----------------------------------------------------+-----
Stealth        | 6 7 8 10 12 14 16 18 | 18.4
Short Blades   | 3 5 6 8 10 11 12 14 | 14.0
Shields        | 3 4 5 8 11 14 | 14.0
Evocations     | 3 5 6 8 10 | 10.0
Dodging        | 3 5 6 8 9 10 | 10.0
Fighting       | 4 5 6 |  6.9
Throwing       | 5 6 7 |  7.0
Hexes          | 3 7 9 10 | 10.0
Spellcasting   | 3 6 9 10 | 10.0
Conjurations   | 3 5 |  5.0

Action                   |  1- 3 |  4- 6 |  7- 9 | 10-12 | 13-15 | 16-18 || total
-------------------------+-------+-------+-------+-------+-------+-------++-------
Melee: Dagger            |    43 |    61 |       |       |       |       ||   104
       Constrict         |     8 |    18 |    28 |    99 |   215 |   126 ||   494
       Tentacles         |     5 |    17 |    75 |   388 |   827 |   408 ||  1720
       Short sword       |       |    24 |   177 |   872 |       |       ||  1073
       Rapier            |       |       |    10 |     7 |   771 |    86 ||   874
       Knife             |       |       |       |       |   960 |   896 ||  1856
Throw: Dart              |       |     5 |    26 |    76 |    15 |     1 ||   123
       Boomerang         |       |       |       |     4 |       |     7 ||    11
       Throwing net      |       |       |       |       |       |     3 ||     3
 Cast: Confusing Touch   |       |       |       |       |     8 |     5 ||    13
       Dazzling Flash    |       |       |       |       |     1 |    31 ||    32
       Blink             |       |       |       |       |       |     2 ||     2
Invok: Call Merchant     |       |       |       |     1 |     4 |     1 ||     6
       Potion Petition   |       |       |       |       |       |     1 ||     1
Evoke: Wand              |       |       |     5 |    14 |     1 |    11 ||    31
       Phial of floods   |       |       |       |     1 |     1 |       ||     2
       Condenser vane    |       |       |       |       |       |     1 ||     1
  Use: Scroll            |       |     4 |     7 |     8 |     8 |    11 ||    38
       Potion            |       |       |     2 |       |     1 |    13 ||    16
 Stab: Sleeping          |     9 |    23 |    16 |    31 |    92 |   102 ||   273
       Distracted        |       |       |     2 |    12 |    18 |     1 ||    33
       Invisible         |       |       |     1 |       |       |     5 ||     6
       Confused          |       |       |       |       |     1 |       ||     1
       Paralysed         |       |       |       |       |       |     1 ||     1
Armor: Skin              |     4 |     7 |     3 |     8 |    35 |    34 ||    91
Dodge: Dodged            |    16 |    28 |    70 |   300 |   850 |   685 ||  1949
Block: Buckler           |       |       |    22 |   203 |   145 |       ||   370
       Kite shield       |       |       |       |       |   695 |   625 ||  1320
